 Dungeon Crawl Stone Soup version 0.21-a0-349-g0c35859 (webtiles) character file.

67 Kriby the Fighter (level 4, 0/45 HPs)
             Began as a Gnoll Wanderer on Oct 7, 2017.
             Slain by a gnoll
             ... wielding a +0 club of chaos
              (8 damage)
             ... on level 2 of the Dungeon.
             The game lasted 00:02:01 (1822 turns).

Kriby the Fighter (Gnoll Wanderer)                  Turns: 1822, Time: 00:02:03

Health: 0/45       AC:  5    Str: 14    XL:     4   Next: 18%
Magic:  5/5        EV: 11    Int: 16    God:
Gold:   92         SH:  0    Dex: 14    Spells: 5/5 levels left

rFire    . . .     SeeInvis .   k - +0 hand axe (chop)
rCold    . . .     Gourm    .   (no shield)
rNeg     . . .     Faith    .   e - +0 robe
rPois    .         Spirit   .   (no helmet)
rElec    .         Reflect  .   r - +2 cloak
rCorr    .         Harm     .   (no gloves)
MR       .....                  (no boots)
Stlth    ++........             (no amulet)
HPRegen  0.15/turn              (no ring)
MPRegen  0.09/turn              (no ring)

@: lethally poisoned (0 -> -3), drained
A: distributed training, fangs 1, strong nose
a: no special abilities


You were on level 2 of the Dungeon.
You were not hungry.

You visited 1 branch of the dungeon, and saw 2 of its levels.

You collected 92 gold pieces.

Inventory:

Hand Weapons
 f - a +0 dagger
 k - a +0 hand axe of chopping (weapon)
Armour
 e - a +0 robe (worn)
 r - a +2 cloak (worn)
Jewellery
 q - an uncursed ring of stealth {unknown}
Scrolls
 h - 2 scrolls of fog {unknown}
 i - a scroll of teleportation {unknown}
 l - 2 scrolls of remove curse {unknown}
 n - a scroll of identify {unknown}
Potions
 b - 4 potions of heal wounds
 c - 2 potions of curing
 p - 2 potions of haste {unknown}
Books
 d - the Almanac of the Rocks

   Spells                             Type                      Level
   a - Sandblast                      Earth                        1
   b - Stone Arrow                    Conjuration/Earth            3
Comestibles
 a - 5 chunks of flesh
 g - a bread ration
 j - 2 meat rations
 o - a fruit


   Skills:
 + Level 8.5(8.3) Fighting
 + Level 1.0(0.8) Short Blades
 + Level 1.0(0.8) Long Blades
 + Level 1.0(0.8) Axes
 + Level 1.0(0.8) Maces & Flails
 + Level 1.0(0.8) Polearms
 + Level 1.0(0.8) Staves
 + Level 1.0(0.8) Slings
 + Level 1.0(0.8) Bows
 + Level 1.0(0.8) Crossbows
 + Level 1.0(0.8) Throwing
 + Level 1.0(0.8) Armour
 + Level 1.0(0.8) Dodging
 + Level 2.5(2.3) Stealth
 + Level 2.7(2.5) Shields
 + Level 2.7(2.5) Unarmed Combat
 + Level 1.0(0.8) Spellcasting
 + Level 1.0(0.8) Conjurations
 + Level 1.0(0.8) Hexes
 + Level 1.0(0.8) Charms
 + Level 1.0(0.8) Summonings
 + Level 1.0(0.8) Necromancy
 + Level 1.0(0.8) Translocations
 + Level 1.0(0.8) Transmutations
 + Level 1.0(0.8) Fire Magic
 + Level 1.0(0.8) Ice Magic
 + Level 2.7(2.5) Air Magic
 + Level 4.6(4.4) Earth Magic
 + Level 1.0(0.8) Poison Magic
 + Level 1.0(0.8) Invocations
 + Level 1.0(0.8) Evocations


You had 5 spell levels left.
You didn't know any spells.

Dungeon Overview and Level Annotations

Branches:
Dungeon (2/15)

Altars:


Innate Abilities, Weirdness & Mutations

Your experience applies equally to all skills.
You have very sharp teeth.
Your uncanny sense of smell can sniff out nearby items.


Message History

The gnoll is severely wounded.
The gnoll hits you with a club of chaos!
You blink.
You are too injured to fight recklessly!
You are too injured to fight recklessly!
The gnoll closely misses you.
You hit the gnoll. You bite the gnoll, but do no damage.
The gnoll is almost dead.
You hit the gnoll.
The gnoll hits you with a club of chaos.
The gnoll freezes you.
* * * LOW HITPOINT WARNING * * *
The gnoll hits you with a club of chaos.
* * * LOW HITPOINT WARNING * * *
You are poisoned.
You hit the gnoll.
You kill the gnoll!
You hit the gnoll.
You feel sick.
The gnoll hits you with a club of chaos!
You die...

#..........<.....######.#
#......##.##.....# #.#
#####......##.##)....# #.#
#..........##........# #.#
#......#...##.#..###.# #.#####
#......#...##.#..# #.# #.##...
###.......o#..# #.# #.##.##
######.######.#g)###.######.##.#
.......#####....@..#...........#
...............>.....######.##.##
...................#.# #.##.#.
##......###.#.#.##.#.######.##.#.
....##...........................
....##...........#.#.#.#....##.#.
.....#.o##..#....#.#.#.#....###..
####.................#.#.##.###..
####.#..##..#......#.#.#.........


You could see a gnoll.

Vanquished Creatures
  2 adders (D:2)
  A gnoll (D:2)
  An adder zombie (D:2)
  2 dart slugs
  A leopard gecko (D:1)
  2 orcs (D:2)
  A ball python (D:1)
  A giant cockroach (D:1)
  5 goblins
  4 hobgoblins
  A kobold (D:2)
  2 bats
  A frilled lizard (D:2)
  6 rats (D:1)
30 creatures vanquished.

Notes
Turn   | Place    | Note
-------+----------+-------------------------------------------
     0 | D:1      | Kriby the Gnoll Wanderer began the quest for the Orb.
     0 | D:1      | Kriby set off with: a scroll of blinking, a potion of heal wounds, a potion of curing, the Almanac of the Rocks, a +0 robe, a +0 dagger, a bread ration
     0 | D:1      | Reached XP level 1. HP: 26/26 MP: 1/1
     0 | D:1      | Identified the Almanac of the Rocks
   541 | D:1      | Reached XP level 2. HP: 33/33 MP: 2/2
   828 | D:2      | Reached XP level 3. HP: 15/38 MP: 3/3
  1504 | D:2      | Reached skill level 1 in Short Blades
  1504 | D:2      | Reached skill level 1 in Long Blades
  1504 | D:2      | Reached skill level 1 in Axes
  1504 | D:2      | Reached skill level 1 in Maces & Flails
  1504 | D:2      | Reached skill level 1 in Polearms
  1504 | D:2      | Reached skill level 1 in Staves
  1504 | D:2      | Reached skill level 1 in Slings
  1504 | D:2      | Reached skill level 1 in Bows
  1504 | D:2      | Reached skill level 1 in Crossbows
  1504 | D:2      | Reached skill level 1 in Throwing
  1504 | D:2      | Reached skill level 1 in Armour
  1504 | D:2      | Reached skill level 1 in Dodging
  1504 | D:2      | Reached skill level 1 in Spellcasting
  1504 | D:2      | Reached skill level 1 in Conjurations
  1504 | D:2      | Reached skill level 1 in Hexes
  1504 | D:2      | Reached skill level 1 in Charms
  1504 | D:2      | Reached skill level 1 in Summonings
  1504 | D:2      | Reached skill level 1 in Necromancy
  1504 | D:2      | Reached skill level 1 in Translocations
  1504 | D:2      | Reached skill level 1 in Transmutations
  1504 | D:2      | Reached skill level 1 in Fire Magic
  1504 | D:2      | Reached skill level 1 in Ice Magic
  1504 | D:2      | Reached skill level 1 in Poison Magic
  1504 | D:2      | Reached skill level 1 in Invocations
  1504 | D:2      | Reached skill level 1 in Evocations
  1743 | D:2      | Reached XP level 4. HP: 28/45 MP: 5/5
  1822 | D:2      | Slain by a gnoll

Vault maps used:
D:1:      dpeg_arrival_tiny_a
D:2:      zin_treasury, tgw_xom, hex_large

Skill      XL: |  1  2  3 |
---------------+----------+-----
Short Blades   | 1 |  1.0
Long Blades    | 1 |  1.0
Axes           | 1 |  1.0
Maces & Flails | 1 |  1.0
Polearms       | 1 |  1.0
Staves         | 1 |  1.0
Slings         | 1 |  1.0
Bows           | 1 |  1.0
Crossbows      | 1 |  1.0
Throwing       | 1 |  1.0
Armour         | 1 |  1.0
Dodging        | 1 |  1.0
Spellcasting   | 1 |  1.0
Conjurations   | 1 |  1.0
Hexes          | 1 |  1.0
Charms         | 1 |  1.0
Summonings     | 1 |  1.0
Necromancy     | 1 |  1.0
Translocations | 1 |  1.0
Transmutations | 1 |  1.0
Fire Magic     | 1 |  1.0
Ice Magic      | 1 |  1.0
Poison Magic   | 1 |  1.0
Invocations    | 1 |  1.0
Evocations     | 1 |  1.0
Fighting       | |  8.5
Stealth        | |  2.5
Shields        | |  2.7
Unarmed Combat | |  2.7
Air Magic      | |  2.7
Earth Magic    | |  4.6

Action                   |  1- 3 |  4- 6 || total
-------------------------+-------+-------++-------
Melee: Dagger            |    24 |       ||    24
       Bite              |    11 |     1 ||    12
       Hand axe          |    71 |     9 ||    80
  Use: Scroll            |     1 |       ||     1
 Stab: Sleeping          |     6 |       ||     6
  Eat: Chunk             |     2 |     1 ||     3
Armor: Robe              |    23 |     1 ||    24
Dodge: Dodged            |    53 |     6 ||    59

Table legend:
 A = Spawn XP
 B = Non-spawn XP
 C = Spawn XP percentage of total XP
 D = Spawn monster count
 E = Non-spawn monster count
 F = Spawn count percentage of total count
 G = Total turns spent on level
                    A         B        C        D         E        F      G
               +---------+---------+-------+---------+---------+-------+---------
         Total |       0 |      97 |   0.0 |       0 |      30 |   0.0 |  1822
               +---------+---------+-------+---------+---------+-------+---------
           D:1 |       0 |      26 |   0.0 |       0 |      15 |   0.0 |  1168
           D:2 |       0 |      71 |   0.0 |       0 |      15 |   0.0 |   654
               +---------+---------+-------+---------+---------+-------+---------
